Map: Daybreak LE (Void)

Players

Fropez - Winner!

  • Race: Protoss Protoss
  • League: Gold
  • Spawn Location: 7:00

Stadorr

  • Race: Zerg Zerg
  • League: Gold
  • Spawn Location: 1:00

VOD

Have the link to the VOD?

Description

Time

  • Played on: Nov. 29, 2016, 6:06 p.m.
  • Length: 6:57
Show
View Real Time Build Order
Export as new Build Order

Fropez Protoss - Winner!

Build Orders:  

Get SALT Encoding   

  12  0:01  Probe (Chrono Boost)  
  13  0:14  Pylon  
  13  0:17  Probe (Chrono Boost)  
  14  0:26  Assimilator  
  14  0:30  Probe (Chrono Boost)  
  15  0:42  Gateway  
  15  0:43  Probe (Chrono Boost)  
  16  0:54  Probe (Chrono Boost)  
  17  0:58  Gateway  
  17  1:04  Probe (Chrono Boost)  
  18  1:15  Pylon  
  18  1:21  Assimilator  
  18  1:31  Probe (Chrono Boost)  
  18  1:32  Cybernetics Core  
  19  1:43  Probe (Chrono Boost)  
  20  2:01  Nexus  
  22  2:09  Mothership Core (Chrono Boost)  
  22  2:12  Warp Gate (Chrono Boost)  
  22  2:18  Adept  
  24  2:25  Adept  
  26  2:34  Probe  
  27  2:46  Probe  
  27  2:48  Adept  
  30  3:00  Pylon  
  30  3:02  Pylon, Probe  
  31  3:13  Adept  
  31  3:15  Probe x2  
  35  3:26  Adept  
  37  3:28  Probe  
  37  3:29  Probe  
  39  3:38  Pylon  
  39  3:44  Probe  
  40  3:55  Probe  
  39  4:00  Gateway  
  39  4:02  Probe  
  41  4:05  Gateway  
  41  4:06  Probe  
  42  4:16  Probe  
  34  4:40  Adept x2  
  38  4:53  Probe  
  38  4:54  Gateway  
  38  4:55  Pylon  
  39  5:08  Stalker  
  39  5:09  Stalker  
  43  5:19  Twilight Council  
  43  5:21  Probe  
  43  5:22  Probe  
  45  5:29  Assimilator  
  45  5:37  Zealot  
  45  5:38  Zealot  
  49  5:44  Adept  
  49  5:46  Probe  
  49  5:47  Probe  
  53  6:01  Zealot x2  
  57  6:16  Gateway  
  57  6:20  Pylon  
  57  6:24  Assimilator  
  57  6:27  Pylon  
  57  6:31  Pylon  
  57  6:37  Probe  
  57  6:38  Probe  
Show
View Real Time Build Order
Export as new Build Order

Stadorr Zerg 

Build Orders: Hatch First, Zergling Baneling 

Get SALT Encoding   

  12  0:01  Drone  
  13  0:13  Overlord  
  13  0:18  Drone  
  14  0:31  Drone x2  
  16  0:54  Hatchery  
  16  0:56  Extractor, Drone  
  15  1:20  Spawning Pool  
  15  1:23  Drone x2  
  15  1:24  Drone  
  17  1:37  Drone  
  18  1:44  Drone  
  19  1:55  Overlord  
  19  2:06  Metabolic Boost  
  19  2:08  Queen  
  19  2:11  Queen  
  23  2:16  Zergling x2  
  23  2:19  Zergling x2  
  25  2:23  Zergling x2  
  25  2:25  Zergling x2  
  25  2:29  Zergling x2  
  28  2:35  Overlord  
  28  2:43  Baneling Nest  
  27  2:50  Zergling x2  
  27  2:51  Zergling x2  
  29  3:06  Zergling x2  
  29  3:07  Zergling x6  
  29  3:11  Zergling x4  
  35  3:19  Overlord  
  35  3:24  Zergling x2  
  35  3:25  Zergling x2  
  37  3:42  Zergling x10  
  42  3:55  Baneling x4  
  42  3:56  Baneling x5  
  42  4:01  Zergling x2  
  42  4:02  Zergling x2  
  39  4:29  Drone  
  39  4:30  Drone x7  
  37  4:44  Zergling x2  
  37  4:45  Zergling x6  
  38  4:59  Extractor  
  37  5:00  Drone x4  
  41  5:07  Baneling x4  
  35  5:40  Drone  
  35  5:41  Drone x7  
  43  5:45  Extractor, Lair  
  42  5:50  Spore Crawler  
  42  5:54  Queen  
  43  6:02  Spore Crawler  
  42  6:07  Drone x4  
  42  6:08  Extractor, Drone x3  
Tags
 
League
GoldGold
Matchup
PvZ
Replay Pack
All Mines
Spawn Locations
Cross Positions
Add a new tag
Caveats
  • Supply blocks, unpowered buildings, or Contaminate may cause inaccurate times.
  • Supply counts are checked every 10 seconds.